 Dungeon Crawl Stone Soup version 0.27.0-1-g7a089689b8 (webtiles) character file.

Game seed: 6298764513340091121

310 SnakkuSnakku7 the Chopper (level 6, -1/44 HPs)
             Began as a Formicid Warper on Aug 3, 2021.
             Was a Follower of Uskayaw.
             Slain by an iguana (10 damage)
             ... on level 4 of the Dungeon.
             The game lasted 00:09:26 (6380 turns).

SnakkuSnakku7 the Chopper (Formicid Warper)         Turns: 6380, Time: 00:09:27

Health: -1/44      AC: 10    Str: 17    XL:     6   Next: 70%
Magic:  9/9        EV:  0    Int: 19    God:    Uskayaw [*.....]
Gold:   199        SH: 10    Dex: 10    Spells: 9/9 levels left

rFire    + . .     SeeInvis +   a - +0 war axe
rCold    . . .     Faith    .   t - +0 tower shield
rNeg     . . .     Spirit   .   v - +0 plate armour
rPois    .         Reflect  .   (helmet unavailable)
rElec    .         Harm     .   (no cloak)
rCorr    .         Rampage  .   (no gloves)
Will     .....                  (no boots)
Stlth    ..........             (no amulet)
HPRegen  0.14/turn              f - ring of protection from fire
MPRegen  0.11/turn              p - +6 ring of intelligence

@: no status effects
A: permanent stasis, dig shafts and tunnels, antennae 3, four strong arms
a: Dig, Shaft Self, Renounce Religion, Stomp


You were on level 4 of the Dungeon.
You worshipped Uskayaw.
Uskayaw was noncommittal.
You visited 1 branch of the dungeon, and saw 4 of its levels.

You collected 199 gold pieces.

Inventory:

Hand Weapons
 a - a +0 war axe (weapon)
 A - a +0 hand axe
Missiles
 c - 2 boomerangs of dispersal
 w - a poisoned dart (quivered)
 x - 2 boomerangs
Armour
 b - a +0 leather armour
 t - a +0 tower shield (worn)
 v - a +0 plate armour (worn)
Jewellery
 f - a ring of protection from fire (left hand)
 p - a +6 ring of intelligence (right hand)
 y - a +6 ring of dexterity
Wands
 o - a wand of polymorph (2)
Scrolls
 d - a scroll of magic mapping {unknown}
 e - a scroll of holy word {unknown}
 g - a scroll of fog {unknown}
 h - a scroll of teleportation {unknown}
 n - a scroll of silence {unknown}
Potions
 i - 2 potions of degeneration {unknown}
 j - a potion of brilliance {unknown}
 k - a potion of might {unknown}
 l - a potion of mutation {unknown}
 r - a potion of curing
 s - a potion of heal wounds {unknown}
 u - a potion of ambrosia {unknown}


   Skills:
 - Level 2.1 Fighting
 + Level 6.6 Axes
 - Level 1.0 Throwing
 - Level 1.1 Armour
 - Level 1.7 Dodging
 - Level 2.1 Spellcasting
 - Level 2.6 Translocations


You had 9 spell levels left.
You didn't know any spells.
Your spell library contained the following spells:

 Spells                   Type           Power      Damage    Failure   Level
 Gell's Gravitas          Tloc           6%         N/A       100%        3
 Ignite Poison            Fire/Tmut/Pois 2%         N/A       100%        3
 Lesser Beckoning         Tloc           6%         N/A       100%        3
 Mephitic Cloud           Conj/Pois/Air  2%         N/A       100%        3
 Teleport Other           Tloc           12%        N/A       100%        3
 Bolt of Magma            Conj/Fire/Erth 1%         4d4       100%        5
 Manifold Assault         Tloc           12%        N/A       100%        5
 Blink                    Tloc           Unusable   N/A       N/A         2

Dungeon Overview and Level Annotations

Branches:
Dungeon (4/15)
 Temple: D:4-7

Altars:
Ashenzari
Okawaru
Uskayaw
The Shining One

Annotations:
D:3 Sigmund


Innate Abilities, Weirdness & Mutations

You cannot be hasted, slowed, berserked, paralysed or teleported.
You can dig through walls and to a lower floor.
You have a pair of large antennae on your head. (SInv)
Your four strong arms can wield two-handed weapons with a shield.


Message History

a +0 club; a +0 scale mail; a +0 trident
w - a poisoned dart
w - 2 poisoned darts (gained 1) Done exploring.
There is a hide-covered altar of Uskayaw here.
You kneel at the altar of Uskayaw.
Uskayaw welcomes you!
Unknown command.
Press < or > to pray at altars.
(D) Dungeon
Where to? (Enter - D:2 @ (x,y), ? - help)
There is a stone staircase leading down here.
You climb downwards.
Found 23 stones.
There is a stone staircase leading up here.
An iguana is nearby!
Unknown command.
Throw: 2 darts (poison)
Press: ? - help, Q - select action, (/) - cycle Shift-Dir - straight line, f - iguana
Aim: an iguana (56% to hit)
You throw a poisoned dart. The poisoned dart hits the iguana.
Unknown command.
You hit the iguana but do no damage. The iguana bites you!
You block the iguana's attack.
You hit the iguana but do no damage. You block the iguana's attack.
The iguana bites you!
You slash the iguana!
The iguana is heavily wounded.
The iguana bites you.
You can now stomp with the beat.
You hit the iguana but do no damage.
The iguana is heavily wounded.
The iguana bites you. The iguana bites you!
You are too injured to fight recklessly!
You are too injured to fight recklessly!
Okay, then.
The iguana bites you.
* * * LOW HITPOINT WARNING * * *
The iguana bites you!
You die...

### ..#
#.#####.#
#...(....
####<#
#.(l.#
#.###<##@#
#........#
#####.####
#.# #.#
#.# >..
..# .#


You could see an iguana.

Vanquished Creatures
  A boggart (D:2)
  Jessica (D:2)
  An orc wizard (D:2)
  Robin (D:3)
  5 gnolls
  3 adders
  4 dart slugs (D:1)
  6 orcs
  4 bats
  5 endoplasms
  18 goblins
  6 hobgoblins
  8 jackals
  A kobold (D:3)
  4 quokkas
  2 ball pythons
  3 frilled lizards
  6 rats
79 creatures vanquished.

Notes
Turn   | Place    | Note
-------+----------+-------------------------------------------
     0 | D:1      | SnakkuSnakku7 the Formicid Warper began the quest for the
                  | Orb.
     0 | D:1      | Reached XP level 1. HP: 16/16 MP: 3/3
   195 | D:1      | Reached XP level 2. HP: 1/22 MP: 5/5
   625 | D:2      | Reached skill level 3 in Axes
   888 | D:2      | Reached XP level 3. HP: 27/27 MP: 6/6
   892 | D:2      | Noticed Jessica
  1415 | D:1      | Found a faded altar of an unknown god.
  2138 | D:2      | Killed Jessica
  2139 | D:2      | Reached skill level 4 in Axes
  2139 | D:2      | Reached XP level 4. HP: 27/33 MP: 7/7
  2831 | D:3      | Noticed Sigmund
  2870 | D:2      | Reached XP level 5. HP: 21/38 MP: 8/8
  3066 | D:3      | Noticed Robin
  3227 | D:3      | Killed Robin
  3244 | D:3      | Reached skill level 5 in Axes
  4699 | D:2      | Noticed a centaur
  4699 | D:2      | an orc priest changed into a centaur
  4711 | D:2      | Noticed a boggart
  4711 | D:2      | a centaur changed into a boggart
  4883 | D:2      | Killed a boggart
  4884 | D:2      | Reached skill level 6 in Axes
  4884 | D:2      | Reached XP level 6. HP: 44/44 MP: 9/9
  5000 | D:3      | Found an iron altar of Okawaru.
  5772 | D:3      | Found a glowing golden altar of the Shining One.
  5773 | D:3      | Found a broken altar of Ashenzari.
  5774 | D:3      | Found a hide-covered altar of Uskayaw.
  6348 | D:3      | Became a worshipper of Uskayaw the Reveller
  6377 | D:4      | Reached * piety under Uskayaw
  6380 | D:4      | Slain by an iguana

Illustrated notes

Levels and vault maps discovered:
D:1:      sevenhm_arrival_forest_fort_small_4, layout_basic,
          chequers_ecumenical_altar_simple, minmay_misc_feat_pillars
D:2:      layout_rooms, uniq_jessica
D:3:      layout_basic, minitemple, minmay_starry_boxes, uniq_robin,
          uniq_sigmund
D:4:      layout_loops_corners, minmay_temple_entry_trees,
          amcnicky_mini_corridor_feature, nrook_campfire, roderic_batcave

Skill      XL: |  1  2  3  4  5 |
---------------+----------------+-----
Axes           | 3 4 6 |  6.6
Fighting       | |  2.1
Throwing       | |  1.0
Armour         | |  1.1
Dodging        | |  1.7
Spellcasting   | |  2.1
Translocations | |  2.6

Action                   |  1- 3 |  4- 6 || total
-------------------------+-------+-------++-------
Melee: Hand axe          |   134 |   193 ||   327
       War axe           |       |    15 ||    15
       Halberd           |       |     7 ||     7
Throw: Boomerang         |     2 |     1 ||     3
       Dart              |       |     8 ||     8
 Abil: Dig               |     1 |       ||     1
Evoke: Wand              |       |     5 ||     5
  Use: Scroll            |       |     2 ||     2
Armor: Leather armour    |    39 |    26 ||    65
       Plate armour      |       |    86 ||    86
Dodge: Dodged            |   105 |    64 ||   169
Block: Tower shield      |       |   111 ||   111
